General information
- name: BNet
- type: Ladder 1vs1/FFA
- host: Battle.net
- saver: greedoFthenoob
map: TerenasStand
- players: 2
- length: 39:43
- speed: Fast
- version: 1.21 W3XP
- replay type: Public
» download(155 KB)
Players
team 1 (loser)
greedoFthenoob (
red | 71 APM | 2834 actions | 39:43)
5 Archmage
3 Summon Water Elemental
2 Brilliance Aura
5 Mountain King
3 Storm Bolt
2 Thunder Clap
» actions
| Assign group hotkey | 66 | |
| Basic commands | 101 | |
| Build / train | 135 | |
| ESC pressed | 1 | |
| Enter build submenu | 44 | |
| Enter hero's abilities submenu | 10 | |
| Give item / drop item | 5 | |
| Right click | 1114 | |
| Select / deselect | 929 | |
| Select group hotkey | 270 | |
| Use ability | 159 | |
2834 total
» units
| Peasant | 32 | |
| Footman | 13 | |
| Rifleman | 10 | |
| Mortar Team | 4 | |
| Sorceress | 3 | |
| Forest Troll Shadow Priest | 1 | |
| Ogre Mauler | 1 | |
| Spell Breaker | 7 | |
| Gryphon Rider | 9 | |
| Knight | 2 | |
| Priest | 6 | |
88 total
» upgrades
| Masonry | 2 | |
| Long Rifles | 1 | |
| Gunpowder | 1 | |
| Animal War Training | 1 | |
| Storm Hammers | 1 | |
| Swords | 2 | |
| Fragmentation Shards | 1 | |
| Priest Training | 1 | |
| Magic Sentry | 1 | |
11 total
» buildings
| Altar of Kings | 1 | |
| Farm | 19 | |
| Barracks | 2 | |
| Scout Tower | 17 | |
| Arcane Tower | 3 | |
| Lumber Mill | 1 | |
| Town Hall | 2 | |
| Keep | 1 | |
| Blacksmith | 1 | |
| Guard Tower | 8 | |
| Arcane Vault | 1 | |
| Arcane Sanctum | 1 | |
| Workshop | 1 | |
| Castle | 1 | |
| Gryphon Aviary | 1 | |
60 total
» build order
00:09 Altar of Kings
00:20 Farm
00:24 Farm
00:36 Barracks
01:36 Scout Tower
02:05 Arcane Tower
02:46 Farm
02:57 Farm
03:14 Lumber Mill
04:07 Farm
05:00 Town Hall
07:17 Scout Tower
08:30 Keep
09:09 Blacksmith
09:11 Arcane Tower
09:13 Scout Tower
09:15 Scout Tower
09:41 Guard Tower
09:44 Guard Tower
09:46 Scout Tower
09:48 Scout Tower
10:27 Guard Tower
10:30 Scout Tower
10:46 Arcane Vault
10:51 Barracks
11:00 Guard Tower
11:03 Arcane Sanctum
11:08 Workshop
12:20 Farm
12:21 Farm
12:26 Farm
13:00 Farm
13:22 Castle
13:25 Gryphon Aviary
13:31 Scout Tower
13:32 Scout Tower
13:33 Scout Tower
14:51 Farm
14:52 Farm
14:53 Farm
14:54 Farm
14:55 Farm
15:39 Guard Tower
16:12 Farm
16:20 Farm
16:24 Farm
16:28 Farm
16:30 Farm
24:50 Town Hall
31:00 Scout Tower
31:01 Scout Tower
31:03 Scout Tower
31:04 Scout Tower
31:07 Scout Tower
31:32 Arcane Tower
34:30 Guard Tower
34:34 Guard Tower
35:25 Scout Tower
35:26 Scout Tower
36:04 Guard Tower
» items
| Dust of Appearance | 1 | |
| Boots of Speed | 1 | |
| Scroll of Regeneration | 6 | |
| Scroll of Town Portal | 3 | |
11 total
team 2 (winner)
aspharr (
yellow | 154 APM | 6110 actions | 39:43)
6 Warden
3 Shadow Strike
2 Fan of Knives
1 Spirit of Vengeance
8 Pandaren Brewmaster
3 Breath of Fire
3 Drunken Haze
1 Storm Earth and Fire
1 Drunken Brawler
» actions
| Assign group hotkey | 64 | |
| Basic commands | 168 | |
| Build / train | 165 | |
| ESC pressed | 3 | |
| Enter build submenu | 20 | |
| Enter hero's abilities submenu | 14 | |
| Give item / drop item | 16 | |
| Remove unit from queue | 1 | |
| Right click | 1989 | |
| Select / deselect | 1146 | |
| Select group hotkey | 2172 | |
| Use ability | 352 | |
6110 total
» units
| Wisp | 31 | |
| Archer | 3 | |
| Huntress | 2 | |
| Goblin Shredder | 1 | |
| Druid of the Claw | 22 | |
| Dryad | 6 | |
| Hippogryph | 8 | |
73 total
» upgrades
| Druid of the Claw Training | 2 | |
| Abolish Magic | 1 | |
| Mark of the Claw | 1 | |
| Strength of the Wild | 3 | |
| Reinforced Hides | 3 | |
| Nature's Blessing | 1 | |
11 total
» buildings
| Altar of Elders | 1 | |
| Moon Well | 6 | |
| Ancient of War | 3 | |
| Hunter's Hall | 1 | |
| Ancient of Wonders | 1 | |
| Tree of Ages | 1 | |
| Ancient Protector | 2 | |
| Ancient of Lore | 3 | |
| Tree of Eternity | 3 | |
| Tree of Life | 2 | |
| Ancient of Wind | 2 | |
25 total
» build order
00:05 Altar of Elders
00:19 Moon Well
00:40 Ancient of War
01:34 Moon Well
02:09 Ancient of War
02:24 Moon Well
02:48 Hunter's Hall
03:11 Ancient of Wonders
04:06 Tree of Ages
04:43 Ancient Protector
05:41 Ancient of War
06:21 Moon Well
06:53 Ancient of Lore
06:54 Ancient of Lore
09:15 Tree of Eternity
12:59 Tree of Life
13:37 Moon Well
15:19 Moon Well
15:59 Tree of Life
20:00 Ancient of Wind
20:31 Ancient Protector
21:03 Ancient of Wind
33:08 Ancient of Lore
» items
| Boots of Speed | 2 | |
| Lesser Clarity Potion | 12 | |
| Moonstone | 4 | |
| Orb of Venom | 2 | |
| Scroll of Healing | 6 | |
| Staff of Teleportation | 4 | |
| Anti-magic Potion | 3 | |
| Potion of Mana | 4 | |
| Scroll of Town Portal | 2 | |
| Potion of Healing | 1 | |
| Potion of Lesser Invulnerability | 1 | |
41 total
Chat log
(01:32 / All) aspharr: hi millita
(01:39 / All) greedoFthenoob: sup
(01:46 / All) greedoFthenoob: wisp
(01:52 / All) aspharr: ;-)
(01:57 / All) aspharr: imba human
(01:59 / All) greedoFthenoob: lies
(02:16 / All) aspharr: no its true
(09:49 / All) aspharr: fuckin imba human
(11:57 / All) aspharr: imba human
(12:04 / All) aspharr: towers are so disbalance -(
(17:55 / All) aspharr: come and kill my
(17:57 / All) aspharr: me
(18:01 / All) aspharr: imba human
(28:37 / All) aspharr: imba
(29:27 / All) aspharr: you said imba human
(34:06 / All) aspharr: ahahahah
(35:47 / All) aspharr: from?
(36:40 / All) aspharr: imba human
(36:48 / All) greedoFthenoob: what the fuck are you talking about
(36:54 / All) greedoFthenoob: you raging homosexual
(36:54 / All) aspharr: towers
(36:58 / All) greedoFthenoob: are you a faggot?
(37:02 / All) greedoFthenoob: you been on the ropes all game
(37:07 / All) greedoFthenoob: some bullshit
(37:09 / All) aspharr: yes
(37:09 / All) greedoFthenoob: infinite moeny
(37:12 / All) greedoFthenoob: crap you pulling
(37:15 / All) aspharr: thats why you are imba
(37:20 / All) greedoFthenoob: why
(37:23 / All) greedoFthenoob: for fucking you up the whole game
(37:27 / All) greedoFthenoob: you escaping with like 2hp
(37:31 / All) aspharr: thats why
(37:42 / All) aspharr: you can take exp
(38:14 / All) aspharr: you have mk
(38:21 / All) aspharr: bolt is realy imba man
(38:23 / All) aspharr: say that
(38:28 / All) greedoFthenoob: whatever
(38:30 / All) greedoFthenoob: you're a faggot
(38:33 / All) greedoFthenoob: rejuv is bullshit
(38:38 / All) greedoFthenoob: bears are bullshit
(38:41 / All) aspharr: what is fagot ?
(38:48 / All) greedoFthenoob: have fun killing every buildling
(38:52 / All) greedoFthenoob: afk
(39:06 / All) aspharr: what means faggot ?